AoeStats
← Néo

Black Forest

509633964Analyzed
4v4 RM · 5d ago on Sep 27, 2026· 93m 44s· 8 players
Game mode
Random Map
Map size
Large (8 player)
Population
200
Speed
Normal
Resources
Standard
Victory
Conquest
Starting age
Dark Age
Ending age
Imperial Age
RankedLock teamsTeams togetherTeam positionsShared explorationLock speedFull tech treeHidden civsTurbo modeCheats
Victory
Defeat
🇪🇸 Mongols · Spain
960
+15
🇨🇳 Spanish · China
903
+17
🇨🇳 Burgundians · China
839
+20
🇹🇼 Franks · Taiwan
835
+20
🇨🇴 Britons · Colombia
954
-19
🇨🇱 Berbers · Chile
947
-19
🇫🇷 Lithuanians · France
934
-18
🇧🇷 Aztecs · Brazil
879
-16
verna7019
3:14 Loom
13:08 Feudal Age
18:10 Castle Age
16:27 Stone Mining
17:12 Double-Bit Axe
26:11 Gold Mining
29:50 Imperial Age
30:00 Wheelbarrow
30:06 Gold Shaft Mining
31:51 Chemistry
31:11 Pikeman
38:13 Fletching
38:24 Padded Archer Armor
39:58 Elite Skirmisher
41:26 Chivalry
40:47 Ordonnance Companies
42:01 Bodkin Arrow
42:21 Leather Archer Armor
47:25 Forging
47:15 Scale Mail Armor
51:28 Iron Casting
50:17 Light Cavalry
51:45 Chain Mail Armor
51:59 Scale Barding Armor
54:22 Blast Furnace
55:08 Plate Mail Armor
55:25 Chain Barding Armor
58:29 Plate Barding Armor
66:47 Cavalier
67:29 Husbandry
68:38 Halberdier
81:16 Hand Cart
83:03 Caravan
89:39 Squires
89:24 Gambesons
89:25 Arson
89:02 Man-at-Arms
92:04 Ballistics
92:10 Long Swordsman
92:56 Two-Handed Swordsman
LV小吕
6:32 Wheelbarrow
9:26 Double-Bit Axe
14:36 Feudal Age
15:21 Gold Mining
15:27 Stone Mining
15:59 Horse Collar
18:00 Heavy Plow
18:15 Bow Saw
21:04 Hand Cart
21:40 Gold Shaft Mining
21:41 Stone Shaft Mining
24:42 Castle Age
27:30 Two-Man Saw
27:08 Crop Rotation
28:56 Burgundian Vineyards
33:15 Imperial Age
31:14 Fletching
31:24 Padded Archer Armor
33:32 Town Watch
35:14 Town Patrol
37:38 Conscription
38:23 Chemistry
37:04 Treadmill Crane
37:44 Ballistics
37:39 Masonry
37:10 Treadmill Crane
37:46 Elite Coustillier
39:22 Caravan
40:17 Bodkin Arrow
40:30 Scale Barding Armor
40:35 Forging
44:39 Husbandry
46:30 Bracer
46:47 Leather Archer Armor
47:08 Iron Casting
46:54 Chain Barding Armor
49:30 Squires
49:17 Arson
50:36 Blast Furnace
49:37 Scale Mail Armor
50:13 Plate Barding Armor
51:21 Plate Barding Armor
51:02 Chain Mail Armor
58:40 Pikeman
61:32 Elite Skirmisher
65:30 Halberdier
66:42 Plate Mail Armor
79:51 Onager
myMZ
11:39 Feudal Age
16:44 Castle Age
15:05 Double-Bit Axe
15:55 Horse Collar
29:50 Wheelbarrow
32:03 Imperial Age
30:45 Hand Cart
30:34 Gold Mining
30:58 Bow Saw
30:54 Heavy Plow
30:50 Stone Mining
31:10 Loom
32:46 Scale Barding Armor
32:43 Padded Archer Armor
33:44 Stone Shaft Mining
34:11 Chemistry
33:27 Caravan
35:09 Two-Man Saw
34:02 Town Watch
34:39 Leather Archer Armor
35:06 Town Patrol
34:43 Heavy Mounted Crossbowman
35:32 Thumb Ring
39:53 Ballistics
39:42 Fletching
40:23 Ring Archer Armor
40:18 Bodkin Arrow
44:39 Bracer
47:37 Elite Conquistador
48:40 Conscription
53:34 Bloodlines
53:25 Husbandry
53:50 Light Cavalry
55:05 Scale Barding Armor
55:11 Forging
54:42 Hussar
58:27 Chain Barding Armor
58:42 Iron Casting
59:34 Cavalier
60:55 Paladin
63:38 Blast Furnace
63:13 Plate Barding Armor
66:23 Onager
66:27 Capped Ram
67:21 Siege Ram
67:32 Onager
68:24 Squires
67:44 Pikeman
68:31 Scale Mail Armor
68:48 Halberdier
69:48 Chain Mail Armor
fer_es_merengue9
0:35 Loom
11:06 Feudal Age
12:12 Double-Bit Axe
18:28 Castle Age
16:24 Horse Collar
16:38 Gold Mining
17:41 Stone Mining
23:19 Bow Saw
26:24 Heavy Plow
29:13 Imperial Age
27:25 Fletching
28:24 Wheelbarrow
28:16 Nomads
28:29 Padded Archer Armor
28:20 Town Watch
29:24 Gold Shaft Mining
29:50 Bodkin Arrow
29:57 Murder Holes
30:14 Masonry
30:38 Town Patrol
31:25 Hand Cart
31:36 Leather Archer Armor
31:47 Conscription
31:43 Scale Barding Armor
33:22 Bloodlines
33:13 Husbandry
32:34 Light Cavalry
35:25 Ballistics
35:09 Scale Mail Armor
37:13 Chain Mail Armor
36:59 Capped Ram
37:06 Hussar
38:24 Bracer
38:55 Plate Mail Armor
38:46 Chain Barding Armor
40:16 Chemistry
39:12 Siege Ram
42:33 Fortified Wall
44:59 Elite Mangudai
46:00 Drill
46:26 Caravan
73:13 Hoardings
Néo
0:28 Loom
14:08 Feudal Age
15:53 Wheelbarrow
15:05 Town Watch
15:03 Horse Collar
15:15 Stone Mining
15:11 Double-Bit Axe
15:19 Gold Mining
22:41 Castle Age
24:25 Hand Cart
24:29 Bow Saw
27:26 Scale Barding Armor
28:37 Heavy Plow
29:39 Chain Barding Armor
29:40 Husbandry
30:36 Forging
33:21 Bloodlines
33:49 Iron Casting
37:14 Imperial Age
37:18 Fortified Wall
37:19 Cavalier
37:21 Onager
39:04 Chemistry
38:41 Plate Barding Armor
39:19 Two-Man Saw
39:06 Crop Rotation
39:24 Paladin
48:21 Light Cavalry
50:33 Winged Hussar
57:10 Treadmill Crane
57:42 Masonry
71:32 Capped Ram
84:16 Pikeman
84:58 Squires
84:45 Arson
85:04 Elite Skirmisher
85:54 Thumb Ring
86:24 Scale Mail Armor
86:16 Fletching
88:14 Bodkin Arrow
88:21 Padded Archer Armor
88:30 Halberdier
89:19 Thumb Ring
George_Carse
0:29 Loom
10:57 Feudal Age
17:12 Castle Age
15:17 Double-Bit Axe
15:16 Horse Collar
16:42 Gold Mining
16:46 Stone Mining
20:36 Fervor
30:17 Imperial Age
29:17 Sanctity
28:49 Fletching
29:00 Padded Archer Armor
29:00 Scale Mail Armor
29:11 Forging
28:23 Pikeman
29:03 Squires
28:49 Arson
29:54 Wheelbarrow
29:04 Town Watch
30:02 Caravan
31:56 Gold Shaft Mining
31:32 Bow Saw
31:23 Heavy Plow
31:28 Husbandry
32:11 Hoardings
33:14 Two-Man Saw
33:24 Conscription
33:55 Hand Cart
33:40 Town Patrol
34:12 Light Cavalry
35:26 Scale Barding Armor
35:37 Leather Archer Armor
35:17 Bodkin Arrow
35:58 Iron Casting
35:39 Chain Mail Armor
36:27 Chemistry
35:48 Ballistics
35:24 Murder Holes
35:10 Treadmill Crane
35:58 Masonry
36:18 Guilds
36:06 Halberdier
37:23 Elite Longbowman
37:36 Sappers
39:05 Coinage
38:58 Chain Barding Armor
38:52 Bracer
39:23 Ring Archer Armor
40:15 Blast Furnace
41:14 Warwolf
41:35 Yeomen
43:17 Man-at-Arms
43:42 Gambesons
44:35 Long Swordsman
44:56 Cavalier
46:45 Two-Handed Swordsman
47:38 Champion
58:50 Plate Mail Armor
58:55 Plate Barding Armor
58:29 Siege Engineers
58:54 Architecture
68:48 Capped Ram
69:02 Capped Ram
deadside131
0:34 Loom
14:13 Feudal Age
19:49 Castle Age
19:23 Horse Collar
20:29 Fletching
21:26 Double-Bit Axe
24:27 Town Watch
26:58 Scale Barding Armor
28:38 Bloodlines
31:25 Ballistics
31:55 Wheelbarrow
32:54 Chain Barding Armor
32:45 Forging
33:54 Bodkin Arrow
36:50 Padded Archer Armor
41:14 Imperial Age
41:13 Light Cavalry
42:48 Leather Archer Armor
42:39 Gold Mining
43:40 Husbandry
43:06 Heavy Camel Rider
46:35 Iron Casting
46:31 Conscription
48:26 Husbandry
50:54 Caravan
52:23 Maghrebi Camels
53:00 Heavy Plow
53:41 Gold Shaft Mining
53:40 Scale Mail Armor
54:43 Blast Furnace
54:42 Stone Mining
56:10 Plate Barding Armor
61:01 Bracer
joaoinkgamer
2:25 Loom
13:24 Feudal Age
17:57 Castle Age
17:39 Stone Mining
18:05 Double-Bit Axe
20:27 Horse Collar
22:47 Eagle Warrior
24:09 Heavy Plow
28:36 Town Watch
29:34 Forging
32:12 Squires
31:58 Gambesons
31:59 Arson
32:52 Iron Casting
32:02 Pikeman
33:38 Fletching
35:24 Atlatl
39:15 Wheelbarrow
41:52 Bodkin Arrow
45:31 Bow Saw
46:01 Gold Mining
52:24 Imperial Age
53:43 Conscription
56:16 Garland Wars
61:55 Hand Cart
61:41 Elite Jaguar Warrior
69:25 Chemistry
68:34 Sappers
69:56 Elite Genitour
70:38 Elite Skirmisher
73:01 Bracer
82:09 Capped Ram
84:45 Siege Ram
85:27 Siege Ram
Connection lost

Rejoining the realm…

Still unreachable

The connection could not be restored.

Session expired

The server has moved on; the page needs a fresh start.